 Dungeon Crawl Stone Soup version 0.18-a0-965-g9200175 (webtiles) character file.

53 filipzpl the Skirmisher (level 3, 0/24 HPs)
             Began as a Gargoyle Berserker on Jan 1, 2016.
             Was a Believer of Trog.
             Slain by a goblin (2 damage)
             ... led by Robin
             ... on level 2 of the Dungeon.
             The game lasted 00:02:04 (1169 turns).

filipzpl the Skirmisher (Gargoyle Berserker)        Turns: 1169, Time: 00:02:04

Health: 0/24       AC:  6    Str: 21    XL:     3   Next: 87%
Magic:  3/3        EV: 12    Int:  7    God:    Trog [**....]
Gold:   85         SH:  0    Dex:  9    Spells: 0 memorised, 2 levels left

rFire  . . .     SeeInvis .     a - +0 mace
rCold  . . .     Gourm    .     b - +0 animal skin
rNeg   + . .     Faith    .     (no shield)
rPois  ∞         Spirit   .     i - +0 helmet
rElec  +         Dismiss  .     (no cloak)
rCorr  .         Reflect  .     (no gloves)
SustAt .         Harm     .     (no boots)
MR     .....                    (no amulet)
Stlth  +.........               (no ring)
                                (no ring)

@: exhausted, slowed, very slow, not resistant to hostile enchantments, very
unstealthy
A: negative energy resistance 1, electricity resistance, unbreathing,
petrification resistance, rot immunity, AC +3
a: Berserk, Trog's Hand, Burn Spellbooks, Renounce Religion


You were on level 2 of the Dungeon.
You worshipped Trog.
Trog was pleased with you.
You were near starving.

You visited 1 branch of the dungeon, and saw 2 of its levels.

You collected 85 gold pieces.

Inventory:

Hand Weapons
 a - a +0 mace (weapon)
Armour
 b - a +0 animal skin (worn)
 i - a +0 helmet (worn)
Scrolls
 d - a scroll of enchant armour {unknown}
 e - 2 scrolls of identify {unknown}
 h - a scroll of immolation {unknown}
Potions
 g - a potion of agility {unknown}
Comestibles
 c - a bread ration
 f - a slice of pizza


   Skills:
 * Level 4.2 Fighting
 * Level 3.9 Maces & Flails
 - Level 2.1 Armour
 - Level 1.5 Dodging


You had 2 spell levels left.
You didn't know any spells.

Dungeon Overview and Level Annotations

Branches:
Dungeon (2/15)

Altars:

Annotations:
D:2 Robin


Innate Abilities, Weirdness & Mutations

You are resistant to torment.
Your stone body is resilient (AC +3).
You are immune to poison.
You resist negative energy.
You are resistant to electric shocks.
You can survive without breathing.
You are immune to petrification.
You are immune to rotting.


Message History

a club; a goblin corpse You barely miss the goblin.
The goblin closely misses you. The goblin barely misses you.
The hobgoblin barely misses you. The goblin barely misses you.
The goblin closely misses you.
You barely miss the goblin. The hobgoblin misses you.
The goblin hits you but does no damage. x2
The hobgoblin hits you.
* * * LOW HITPOINT WARNING * * *
The goblin misses you. The goblin completely misses you.
You barely miss the goblin. The hobgoblin closely misses you.
The goblin hits you with a dagger.
* * * LOW HITPOINT WARNING * * *
The goblin hits you.
* * * LOW HITPOINT WARNING * * *
The hobgoblin misses you. The goblin barely misses you.
You hit the goblin.
The goblin is moderately wounded.
The goblin hits you but does no damage. The hobgoblin barely misses you.
The goblin barely misses you. The goblin hits you.
You die...

.# #. .. ## ##. ## #...
#.# .# #...########.#
>#####
#...g@gggg..(###.##...
#...#g###g#.#...###...
..........#.#.g.........
...........g#..#........
...........g#..#..##....
#............g....##....
#............g.##.##....
...(...######..........
..% #..........


You could see Robin, a hobgoblin and 5 goblins.

Vanquished Creatures
  An adder (D:2)
  2 giant cockroaches
  8 goblins
  2 hobgoblins (D:1)
  9 jackals (D:1)
  4 kobolds
  7 bats (D:1)
  2 giant newts
  4 rats
39 creatures vanquished.

Notes
Turn   | Place    | Note
--------------------------------------------------------------
     0 | D:1      | filipzpl the Gargoyle Berserker began the quest for the Orb.
     0 | D:1      | Reached XP level 1. HP: 14/14 MP: 1/1
   464 | D:1      | Reached XP level 2. HP: 16/20 MP: 2/2
   918 | D:1      | Reached XP level 3. HP: 24/24 MP: 3/3
   927 | D:1      | Reached skill level 4 in Fighting
   939 | D:1      | Reached ** piety under Trog
  1127 | D:2      | Noticed Robin
  1169 | D:2      | Slain by a goblin

Vault maps used:
D:1:      tarquinn_simple_flora_water_e, hex_intersection
D:2:      grunt_dithmenos_smoke_and_mirrors, cheibriados_altar_1, uniq_robin

Action                   || total
-------------------------++-------
Melee: Mace              ||   124
Invok: Berserk           ||     1
